 Dungeon Crawl Stone Soup version 0.22-a0-448-g1fb7470005 (webtiles) character file.

347 Kelnoc the Chopper (level 6, 0/53 HPs)
             Began as a Minotaur Fighter on June 4, 2018.
             Slain by Pikel
             ... wielding a +1 whip of flaming
              (1 damage)
             ... on level 4 of the Dungeon.
             The game lasted 00:12:03 (2861 turns).

Kelnoc the Chopper (Minotaur Fighter)               Turns: 2861, Time: 00:12:03

Health: 0/53       AC:  8    Str: 22    XL:     6   Next: 33%
Magic:  5/5        EV: 16    Int:  5    God:
Gold:   135        SH: 10    Dex: 15    Spells: 5/5 levels left

rFire    . . .     SeeInvis .   a - +2 war axe
rCold    . . .     Gourm    .   c - +0 shield
rNeg     . . .     Faith    .   b - +1 scale mail
rPois    .         Spirit   .   (helmet restricted)
rElec    .         Reflect  .   (no cloak)
rCorr    .         Harm     .   (no gloves)
MR       .....                  (no boots)
Stlth    +.........             (no amulet)
HPRegen  0.17/turn              i - +3 ring of evasion
MPRegen  0.09/turn              (no ring)

@: agile
A: retaliatory headbutt, horns 2
a: no special abilities


You were on level 4 of the Dungeon.
You were not hungry.

You visited 1 branch of the dungeon, and saw 4 of its levels.

You collected 135 gold pieces.

Inventory:

Hand Weapons
 a - a +2 war axe (weapon)
 j - a +0 mace of holy wrath
 q - a +2 vampiric short sword
Armour
 b - a +1 scale mail (worn)
 c - a +0 shield (worn)
Jewellery
 i - a +3 ring of evasion (left hand)
Wands
 r - a wand of disintegration (16)
Scrolls
 p - a scroll of teleportation
Potions
 d - a potion of might
 g - a potion of heal wounds {unknown}
 h - a potion of degeneration {unknown}
 l - a potion of mutation {unknown}
 m - 2 potions of curing {unknown}
 n - a potion of magic {unknown}
 t - a potion of ambrosia {unknown}
 u - a potion of haste {unknown}
Comestibles
 f - 6 rations


   Skills:
 + Level 4.3 Fighting
 + Level 5.2 Axes
 + Level 5.2 Armour
 + Level 1.4 Dodging
 + Level 0.4 Stealth
 + Level 5.1 Shields


You had 5 spell levels left.
You didn't know any spells.
Your spell library was empty.

Dungeon Overview and Level Annotations

Branches:
Dungeon (4/15)
 Temple: D:4-7

Altars:

Annotations:
D:4 Pikel


Innate Abilities, Weirdness & Mutations

You reflexively headbutt those who attack you in melee.
You have a pair of horns on your head.


Message History

Pikel hits you with a whip of flaming.
* * * LOW HITPOINT WARNING * * *
Pikel burns you.
* * * LOW HITPOINT WARNING * * *
There are monsters nearby!
You feel agile all of a sudden. You block Pikel's attack.
Pikel zaps a wand.
Some rock shatters into small pieces.
Pikel says, "It's all about the gold, really."
Pikel zaps a wand.
You hear a grinding noise.
Pikel hits you with a whip of flaming.
* * * LOW HITPOINT WARNING * * *
Pikel burns you.
* * * LOW HITPOINT WARNING * * *
There is a stone staircase leading down here.
Pikel hits you with a whip of flaming.
* * * LOW HITPOINT WARNING * * *
Pikel burns you.
You die...

#### ##### #..# #...#
#######..######.####
#......@.....##.#[.
#.####K..###.##.#.#
#..##p#..###.##.#.###
##.#.p...............#
#....###.#####.......#
#.#.## #.#
#.#..#..#### #..[# #.#
#.#......... #.#.# ..#
#..##....### #.#.. .(#
#.# #.#.##


You could see Pikel and 2 slaves.

Vanquished Creatures
  2 slaves (D:4)
  A scorpion (D:2)
  A centaur skeleton (D:4)
  A jelly (D:2)
  Crazy Yiuf (D:2)
  An iguana (D:4)
  A worker ant (D:4)
  Robin (D:2)
  9 adders
  A dart slug (D:2)
  2 leopard geckos
  2 orcs (D:3)
  5 bats
  2 giant cockroaches
  5 goblins
  10 hobgoblins
  6 jackals (D:3)
  4 frilled lizards
  4 kobolds
  8 rats
67 creatures vanquished.

Notes
Turn   | Place    | Note
-------+----------+-------------------------------------------
     0 | D:1      | Kelnoc the Minotaur Fighter began the quest for the Orb.
     0 | D:1      | Reached XP level 1. HP: 19/19 MP: 0/0
   261 | D:1      | Reached XP level 2. HP: 27/27 MP: 1/1
   737 | D:2      | Reached XP level 3. HP: 33/33 MP: 2/2
   760 | D:2      | Noticed Robin
   763 | D:2      | Killed Robin
   904 | D:2      | Found a runed door.
   908 | D:2      | Noticed Crazy Yiuf
   915 | D:2      | Killed Crazy Yiuf
   915 | D:2      | Reached XP level 4. HP: 32/40 MP: 3/3
  1029 | D:2      | Reached skill level 1 in Dodging
  1267 | D:2      | Reached XP level 5. HP: 43/46 MP: 4/4
  2344 | D:3      | Reached skill level 5 in Armour
  2633 | D:3      | Reached skill level 5 in Shields
  2698 | D:4      | Reached XP level 6. HP: 52/52 MP: 5/5
  2723 | D:4      | Reached skill level 5 in Axes
  2817 | D:4      | Noticed a slave
  2817 | D:4      | Noticed a slave
  2818 | D:4      | Noticed Pikel
  2818 | D:4      | Noticed a slave
  2818 | D:4      | Noticed a slave
  2825 | D:4      | Killed a slave
  2828 | D:4      | Killed a slave
  2861 | D:4      | HP: 1/53 [Pikel/whip of flaming (5)]
  2861 | D:4      | Slain by Pikel

Vault maps used:
D:1:      minmay_arrival_up_and_down, skrybe_limestone_x
D:2:      uniq_crazy_yiuf_cottage, uniq_robin
D:3:      first_ration, roderic_lattice_a
D:4:      minmay_opposing_rooms, uniq_pikel, uniq_ijyb

Skill      XL: |  1  2  3  4  5  6 |
---------------+-------------------+-----
Axes           | 3 4 5 |  5.2
Shields        | 4 5 |  5.1
Armour         | 4 5 |  5.2
Fighting       | 4 |  4.3
Dodging        | 1 |  1.4
Stealth        | |  0.4

Action                   |  1- 3 |  4- 6 || total
-------------------------+-------+-------++-------
Melee: War axe           |    58 |   123 ||   181
       Headbutt          |     6 |    12 ||    18
Evoke: Wand              |       |     2 ||     2
  Use: Scroll            |     5 |     5 ||    10
       Potion            |       |     1 ||     1
  Eat: Chunk             |       |     6 ||     6
Armor: Scale mail        |    27 |    43 ||    70
Dodge: Dodged            |    24 |    47 ||    71
Block: Shield            |    34 |    86 ||   120

Table legend:
 A = Spawn XP
 B = Non-spawn XP
 C = Spawn XP percentage of total XP
 D = Spawn monster count
 E = Non-spawn monster count
 F = Spawn count percentage of total count
 G = Total turns spent on level
                    A         B        C        D         E        F      G
               +---------+---------+-------+---------+---------+-------+---------
         Total |       0 |     497 |   0.0 |       0 |      65 |   0.0 |  2861
               +---------+---------+-------+---------+---------+-------+---------
           D:1 |       0 |      26 |   0.0 |       0 |      16 |   0.0 |   676
           D:2 |       0 |     287 |   0.0 |       0 |      24 |   0.0 |  1160
           D:3 |       0 |      66 |   0.0 |       0 |      21 |   0.0 |   850
           D:4 |       0 |     118 |   0.0 |       0 |       4 |   0.0 |   175
               +---------+---------+-------+---------+---------+-------+---------
